 Dungeon Crawl Stone Soup version 0.27.1-34-g3ba077fa99 (webtiles) character file.

Game seed: 1140900612890843937

12 zeram the Covered (level 2, 0/19 HPs)
             Began as a Gargoyle Fighter on Jan 3, 2022.
             Slain by a frilled lizard (1 damage)
             ... on level 1 of the Dungeon.
             The game lasted 00:00:42 (236 turns).

zeram the Covered (Gargoyle Fighter)                 Turns: 236, Time: 00:00:42

Health: 0/19       AC:  9    Str: 19    XL:     2   Next: 33%
Magic:  2/2        EV:  7    Int:  8    God:
Gold:   11         SH:  9    Dex:  9    Spells: 1/1 levels left

rFire    . . .     SeeInvis .   a - +0 flail
rCold    . . .     Faith    .   c - +0 kite shield
rNeg     + . .     Spirit   .   b - +0 scale mail
rPois    ∞         Reflect  .   (no helmet)
rElec    +         Harm     .   (no cloak)
rCorr    .         Rampage  .   (no gloves)
Will     .....                  (no boots)
Stlth    ..........             (no amulet)
HPRegen  0.06/turn              (no ring)
MPRegen  0.08/turn              (no ring)

@: mighty
A: sickness immunity, AC +2, negative energy resistance 1, electricity
resistance, torment resistance 1, petrification resistance
a: no special abilities


You were on level 1 of the Dungeon.
You visited 1 branch of the dungeon, and saw 1 of its levels.

You collected 11 gold pieces.

Inventory:

Hand Weapons
 a - a +0 flail (weapon)
Armour
 b - a +0 scale mail (worn)
 c - a +0 kite shield (worn)


   Skills:
 - Level 3.2 Fighting
 + Level 2.4 Maces & Flails
 + Level 3.6 Armour
 + Level 3.4 Shields


You had one spell level left.
You didn't know any spells.
Your spell library was empty.

Dungeon Overview and Level Annotations

Branches:
Dungeon (1/15)

Altars:


Innate Abilities, Weirdness & Mutations

You are immune to sickness and miasma.
Your stone body is resilient. (AC +2)
You are immune to poison.
You resist negative energy. (rN+)
You are resistant to electric shocks. (rElec)
You are resistant to unholy torment.
You are immune to petrification.


Message History

The jackal bites you but does no damage.
The quokka barely misses you. You block the giant cockroach's attack.
The jackal bites you but does no damage.
The jackal bites you. You block the giant cockroach's attack.
The frilled lizard bites you.
The quokka bites you but does no damage.
The rat bites you but does no damage. x2
The jackal bites you but does no damage.
The jackal closely misses you.
You hit the rat.
The rat is heavily wounded.
The quokka bites you but does no damage.
The giant cockroach bites you but does no damage.
You block the jackal's attack.
The jackal bites you but does no damage.
The frilled lizard bites you but does no damage.
The rat barely misses you. x2; The giant cockroach bites you.
The quokka bites you.
The jackal bites you but does no damage.
You block the jackal's attack. The rat barely misses you.
The frilled lizard bites you.
The rat twitches its whiskers.
The rat bites you.
You feel very mighty all of a sudden. The jackal bites you.
* * * LOW HITPOINT WARNING * * *
The quokka barely misses you. The giant cockroach closely misses you.
You block the jackal's attack. The frilled lizard closely misses you.
You block the rat's attack. The rat bites you but does no damage.
You thump the rat!
You kill the rat!
You block the jackal's attack.
The jackal bites you but does no damage.
The giant cockroach bites you but does no damage.
The quokka bites you.
* * * LOW HITPOINT WARNING * * *
The jackal bites you.
* * * LOW HITPOINT WARNING * * *
The frilled lizard bites you.
You die...

######### ........#
........# ........#
........###############
......rh..........†...#
.....gh@#############.##
......rBl...............
.......h#############.##
........# ####.#.
###.###.# #.....# #. #.#
#.##.#. # #.# #......
#.. #..#.## #..#...


You could see a quokka, 3 jackals, a giant cockroach, a goblin, a frilled lizard
and a rat.

Vanquished Creatures
  A dart slug (D:1)
  A ball python (D:1)
  2 bats (D:1)
  A giant cockroach (D:1)
  A goblin (D:1)
  2 hobgoblins (D:1)
  A rat (D:1)
9 creatures vanquished.

Notes
Turn   | Place    | Note
-------+----------+-------------------------------------------
     0 | D:1      | zeram the Gargoyle Fighter began the quest for the Orb.
     0 | D:1      | Reached XP level 1. HP: 14/14 MP: 1/1
   139 | D:1      | Reached XP level 2. HP: 17/19 MP: 2/2
   236 | D:1      | Slain by a frilled lizard

Illustrated notes

Levels and vault maps discovered:
D:1:      minmay_arrival_pointy, layout_loops_ring, roderic_serpentine_path,
          chequers_serial_rivers_micro_e

Action                   || total
-------------------------++-------
Melee: Flail             ||    26
  Use: Potion            ||     1
Armor: Scale mail        ||    36
Dodge: Dodged            ||    20
Block: Kite shield       ||    20
